 Dungeon Sprint DCSS version 0.27.1-33-g824d729ab1 (webtiles) character file.

Game seed: 17213499597108397654

1262 Hipnos the Carver (level 8, -5/86 HPs)
             Began as a Minotaur Berserker on Nov 25, 2021.
             Was an Elder of Trog.
             Shot with an arrow by a centaur warrior (10 damage)
             ... in the Dungeon (Sprint I: "Red Sonja").
             The game lasted 00:02:56 (547 turns).

Hipnos the Carver (Minotaur Berserker)               Turns: 547, Time: 00:02:56

Health: -5/86      AC:  4    Str: 25    XL:     8   Next: 27%
Magic:  7/7        EV: 13    Int:  4    God:    Trog [****..]
Gold:   418        SH:  0    Dex:  9    Spells: 7/7 levels left

rFire    . . .     SeeInvis .   a - +0 falchion
rCold    . . .     Faith    .   (no shield)
rNeg     . . .     Spirit   .   i - +0 leather armour
rPois    .         Reflect  .   (helmet restricted)
rElec    .         Harm     .   (no cloak)
rCorr    .         Rampage  .   (no gloves)
Will     ++...     NoTele   +   (no boots)
Stlth    +.........             (no amulet)
HPRegen  1.24/turn              (no ring)
MPRegen  0.10/turn              (no ring)

@: strong-willed, on berserk cooldown, regenerating, slowed, very slow
A: horns 2, retaliatory headbutt
a: Renounce Religion, Berserk, Trog's Hand, Brothers in Arms


You were in the Dungeon.
You worshipped Trog.
Trog was greatly pleased with you.
You visited 1 branch You collected 418 gold pieces.

Inventory:

Hand Weapons
 a - a +0 falchion (weapon)
Armour
 b - a +0 animal skin
 i - a +0 leather armour (worn)
Scrolls
 h - a scroll of blinking
Potions
 c - a potion of curing
 d - a potion of heal wounds
 e - a potion of haste
 f - 2 potions of magic
 g - a potion of berserk rage
 j - a potion of lignification {unknown}


   Skills:
 + Level 13.3 Fighting
 + Level 13.6 Long Blades
 + Level 7.8 Armour
 + Level 7.5 Dodging


You had 7 spell levels left.
You didn't know any spells.
Your spell library was empty.

Dungeon Overview and Level Annotations

Branches:
Dungeon (1/1)

Altars:
Cheibriados
Dithmenos
Elyvilon
Fedhas
Gozag
Hepliaklqana
Kikubaaqudgha
Makhleb
Nemelex Xobeh
Okawaru
Qazlal
Ru
Sif Muna
Trog
Uskayaw
Vehumet
Wu Jian
Xom
Yredelemnul
Zin
The Shining One
Jiyva
Lugonu

Shops:
D (


Innate Abilities, Weirdness & Mutations

You have a pair of horns on your head.
You reflexively headbutt those who attack you in melee.


Message History

There is an open door here.
You enter the shallow water.
Moving in this stuff is going to be slow.
The centaur warrior shouts! x2
The centaur warrior wields a +0 longbow.
The centaur warrior shoots an arrow.
The arrow hits you! The centaur warrior barely misses you.
You furiously retaliate!
You headbutt the centaur warrior. The centaur warrior misses you.
The centaur warrior hits you. The centaur warrior kicks you.
The centaur warrior unwields a +0 longbow.
The centaur warrior hits you!
The centaur warrior completely misses you.
The centaur warrior closely misses you. You furiously retaliate!
You headbutt the centaur warrior! The centaur warrior misses you.
You fail to use your ability.
The centaur warrior hits you.
The centaur warrior kicks you but does no damage.
The centaur warrior hits you. The centaur warrior kicks you.
The centaur warrior hits you but does no damage.
The centaur warrior kicks you. The centaur warrior hits you!
The centaur warrior kicks you. The centaur warrior barely misses you.
You furiously retaliate!
You headbutt the centaur warrior! The centaur warrior kicks you.
The centaur warrior wields a +0 longbow.
The centaur warrior shoots an arrow.
The arrow misses you.
The centaur warrior hits you but does no damage.
The centaur warrior barely misses you.
The centaur warrior shoots an arrow.
The arrow hits you!
* * * LOW HITPOINT WARNING * * *
Unknown command.
Your skin crawls.
You feel strong-willed. The centaur warrior hits you.
* * * LOW HITPOINT WARNING * * *
The centaur warrior kicks you but does no damage.
The centaur warrior shoots an arrow.
The arrow misses you. The centaur warrior hits you!
* * * LOW HITPOINT WARNING * * *
The centaur warrior kicks you but does no damage.
The centaur warrior shoots an arrow.
The arrow hits you!
You die...

#######################
#..)..#..'..#__#..)...#
)..#..').#..'..'.)#...#
#####'#####'#__####...+
####..#...#.####§§#####
#__####..##(#≈§§@c#
#_____##'#_.'≈§§§§+
#_.∩...†..._#≈§§c§#
#_..__##_.#'##+####
#_____###+#(# #######
###


You could see 2 centaur warriors.

Vanquished Creatures
  2 kobold demonologists (D)
  A slime creature (D)
  Sigmund (D)
  A yak (D)
  A floating eye (D)
  An ogre (D)
  A jelly (D)
  Ijyb (D)
9 creatures vanquished.

Notes
Turn   | Place    | Note
-------+----------+-------------------------------------------
     0 | D        | Hipnos the Minotaur Berserker began the quest for the Orb.
     0 | D        | Reached XP level 1. HP: 19/19 MP: 0/0
     1 | D        | Noticed Ijyb
    14 | D        | Killed Ijyb
    15 | D        | Reached skill level 5 in Fighting
    15 | D        | Reached skill level 5 in Long Blades
    15 | D        | Reached XP level 2. HP: 17/29 MP: 1/1
   199 | D        | Noticed an ogre
   203 | D        | Killed an ogre
   204 | D        | Reached XP level 3. HP: 37/40 MP: 2/2
   204 | D        | Reached XP level 4. HP: 45/48 MP: 3/3
   304 | D        | Noticed Sigmund
   312 | D        | Killed Sigmund
   312 | D        | Reached ** piety under Trog
   313 | D        | Reached skill level 10 in Fighting
   313 | D        | Reached skill level 5 in Armour
   313 | D        | Reached skill level 5 in Dodging
   313 | D        | Reached XP level 5. HP: 58/58 MP: 4/4
   362 | D        | Found an ornate altar of the Wu Jian Council.
   362 | D        | Found a shimmering blue altar of Sif Muna.
   364 | D        | Found a radiant altar of Vehumet.
   369 | D        | Reached skill level 10 in Long Blades
   369 | D        | Reached XP level 6. HP: 66/66 MP: 5/5
   372 | D        | Found Agycu's Antique Weapon Emporium.
   372 | D        | Found an ancient bone altar of Kikubaaqudgha.
   372 | D        | Found a hazy altar of Hepliaklqana.
   372 | D        | Found a stormy altar of Qazlal.
   372 | D        | Found a hide-covered altar of Uskayaw.
   372 | D        | Found a blossoming altar of Fedhas.
   372 | D        | Found a bloodstained altar of Trog.
   372 | D        | Found an iron altar of Okawaru.
   372 | D        | Found a basalt altar of Yredelemnul.
   372 | D        | Found a glowing golden altar of the Shining One.
   372 | D        | Found a snail-covered altar of Cheibriados.
   372 | D        | Found a sacrificial altar of Ru.
   372 | D        | Found a glowing silver altar of Zin.
   372 | D        | Found a shadowy altar of Dithmenos.
   372 | D        | Found a white marble altar of Elyvilon.
   372 | D        | Noticed a yak
   409 | D        | Killed a yak
   410 | D        | Found an opulent altar of Gozag.
   411 | D        | Found a sparkling altar of Nemelex Xobeh.
   457 | D        | Found a burning altar of Makhleb.
   457 | D        | Found a viscous altar of Jiyva.
   457 | D        | Found a shimmering altar of Xom.
   457 | D        | Found a corrupted altar of Lugonu.
   457 | D        | Noticed a slime creature
   466 | D        | Killed a slime creature
   466 | D        | Reached *** piety under Trog
   467 | D        | Reached XP level 7. HP: 75/75 MP: 6/6
   509 | D        | Noticed a kobold demonologist
   509 | D        | Noticed a kobold demonologist
   515 | D        | Killed a kobold demonologist
   522 | D        | Killed a kobold demonologist
   522 | D        | Reached **** piety under Trog
   523 | D        | Reached XP level 8. HP: 86/86 MP: 7/7
   536 | D        | Noticed a centaur warrior
   536 | D        | Noticed a centaur warrior
   547 | D        | Shot with an arrow by a centaur warrior

Illustrated notes

Levels and vault maps discovered:
D:        dungeon_sprint_1 [red_sonja_temple_1, red_sonja_temple_small_1]

Skill      XL: |  1  2  3  4  5  6  7 |
---------------+----------------------+-----
Fighting       | 5 7 10 11 13 | 13.3
Long Blades    | 5 7 9 10 12 13 | 13.6
Armour         | 3 4 5 6 7 |  7.8
Dodging        | 3 4 5 6 7 |  7.5

Action                   |  1- 3 |  4- 6 |  7- 9 || total
-------------------------+-------+-------+-------++-------
Melee: Falchion          |    15 |    19 |    12 ||    46
       Headbutt          |     4 |     3 |     2 ||     9
Invok: Berserk           |     2 |     4 |     1 ||     7
       Trog's Hand       |       |       |     2 ||     2
Armor: Leather armour    |       |       |     7 ||     7
Dodge: Dodged            |     3 |     4 |    11 ||    18
       Rpst.: Falchion   |     1 |       |       ||     1
